Map: The Shattered Temple

Players

OhLala

  • Race: Protoss Protoss
  • Spawn Location: 6:00

Gracz

  • Race: Terran Terran
  • Spawn Location: 3:00

TheSickle - Winner!

  • Race: Zerg Zerg
  • Spawn Location: 12:00

JNA - Winner!

  • Race: Terran Terran
  • Spawn Location: 9:00

VOD

Have the link to the VOD?

Description

Time

  • Played on: May 2, 2016, 6:07 a.m.
  • Length: 6:09
Show
View Real Time Build Order
Export as new Build Order

OhLala Protoss 

Build Orders:  

Get SALT Encoding   

  12  0:02  Probe (Chrono Boost)  
  13  0:13  Probe (Chrono Boost)  
  14  0:23  Probe (Chrono Boost)  
  15  0:30  Pylon  
  15  0:54  Forge  
  15  1:04  Probe (Chrono Boost)  
  16  1:17  Probe (Chrono Boost)  
  17  1:26  Assimilator  
  17  1:47  Pylon  
  17  1:52  Pylon  
  17  1:53  Pylon  
  17  2:00  Pylon  
  17  2:18  Probe (Chrono Boost)  
  17  2:19  Assimilator  
  17  2:20  Pylon  
  18  2:25  Gateway  
  18  2:30  Photon Cannon  
  18  2:45  Photon Cannon  
  18  2:48  Probe (Chrono Boost)  
  19  2:55  Pylon  
  19  3:10  Pylon  
  18  3:22  Probe (Chrono Boost)  
  19  3:29  Cybernetics Core  
  19  3:32  Assimilator  
  19  3:33  Pylon  
  19  3:37  Pylon  
  19  3:42  Pylon  
  19  3:50  Zealot  
  19  3:51  Photon Cannon  
  21  3:58  Probe (Chrono Boost)  
  23  4:16  Mothership Core (Chrono Boost)  
  24  4:33  Photon Cannon  
  24  4:34  Probe (Chrono Boost)  
  24  4:35  Pylon  
  24  4:48  Probe (Chrono Boost)  
  25  4:58  Zealot  
  27  5:15  Gateway  
  27  5:16  Gateway  
  27  5:24  Gateway  
Show
View Real Time Build Order
Export as new Build Order

Gracz Terran 

Build Orders:  

Get SALT Encoding   

  12  0:03  SCV  
  13  0:26  Refinery  
  13  0:29  Supply Depot  
  13  0:38  SCV  
  14  0:50  SCV  
  15  1:02  SCV  
  16  1:09  Supply Depot  
  16  1:14  SCV  
  17  1:20  Barracks  
  17  1:27  Barracks  
  17  1:42  Barracks  
  17  2:14  Barracks Reactor  
  17  2:15  Barracks Reactor  
  17  2:29  Barracks Reactor  
  17  2:40  SCV  
  18  2:52  Marine, SCV  
  18  2:53  Marine x3  
  23  3:05  Marine x2  
  24  3:10  Marine  
  24  3:11  Marine x3  
  29  3:23  Marine x2  
  31  3:36  Marine  
  31  3:38  Marine  
  21  4:21  Marine  
  21  4:22  Marine x5  
  25  4:39  Marine  
  25  4:40  Marine x5  
  17  5:28  Barracks  
  17  5:29  Barracks, Orbital Command  
  17  5:31  Barracks  
Show
View Real Time Build Order
Export as new Build Order

TheSickle Zerg - Winner!

Build Orders: Pool First 

Get SALT Encoding   

  12  0:01  Drone  
  14  0:14  Drone  
  14  0:18  Overlord  
  14  0:22  Extractor  
  14  0:23  Drone  
  14  0:37  Drone  
  14  0:38  Drone  
  16  0:47  Drone  
  17  0:53  Spawning Pool  
  16  0:57  Drone  
  17  1:09  Drone  
  18  1:19  Drone  
  19  1:42  Zergling x4  
  21  1:48  Metabolic Boost  
  21  1:56  Spine Crawler, Queen  
  21  1:58  Overlord  
  22  2:17  Hatchery  
  21  2:37  Queen  
  21  2:39  Zergling x6  
  21  2:43  Evolution Chamber  
  25  2:47  Spore Crawler  
  23  3:10  Zerg Melee Weapons Level 1  
  23  3:11  Zergling x10  
  24  3:24  Zergling x2  
  25  3:31  Zergling x2  
  26  3:40  Zergling x4  
  26  3:41  Zergling x2  
  27  3:50  Roach Warren  
  27  3:51  Drone  
  27  4:05  Zergling x6  
  27  4:20  Zergling x6  
  30  4:27  Zergling x4  
  29  4:37  Zergling x2  
  29  4:38  Zergling x2  
  30  4:44  Zergling x4  
  31  4:52  Zergling x2  
  30  4:53  Zergling x2  
  32  5:00  Drone  
  31  5:11  Zergling x2  
  31  5:12  Zergling x2  
  33  5:43  Zergling x2  
  33  5:44  Zergling x2  
  33  5:45  Overlord x3  
Show
View Real Time Build Order
Export as new Build Order

JNA Terran - Winner!

Build Orders:  

Get SALT Encoding   

  12  0:02  SCV  
  14  0:14  SCV  
  14  0:19  Supply Depot  
  14  0:26  SCV  
  15  0:40  SCV  
  15  0:42  Barracks  
  16  0:48  Refinery  
  16  0:53  SCV  
  17  1:05  SCV  
  18  1:17  SCV  
  19  1:29  Orbital Command  
  19  1:33  Supply Depot  
  19  1:45  Barracks Reactor  
  19  1:54  Command Center  
  19  1:59  SCV  
  20  2:11  SCV  
  20  2:15  Engineering Bay  
  21  2:22  Marine x2  
  23  2:29  Barracks, SCV  
  24  2:41  Marine x2  
  24  2:42  Supply Depot, SCV  
  27  2:50  Missile Turret  
  27  2:54  SCV  
  28  2:59  Refinery  
  28  3:09  Factory  
  28  3:10  SCV  
  29  3:18  Orbital Command  
  29  3:25  Marine  
  29  3:26  Marine  
  31  3:34  Bunker  
  27  3:47  Marine  
  27  3:48  Marine  
  26  4:00  Widow Mine  
  26  4:02  Marine  
  29  4:05  Marine  
  29  4:06  Marine  
  29  4:10  Orbital Command  
  29  4:22  Barracks x2  
  29  4:25  Barracks  
  29  4:34  Widow Mine  
  31  4:40  Marine x3  
  34  4:58  Marine  
  35  5:03  Widow Mine  
  35  5:06  SCV  
  39  5:07  SCV  
  39  5:18  SCV  
  39  5:19  SCV  
  41  5:22  Marine x4  
  41  5:23  Marine x2  
  47  5:30  SCV  
  47  5:34  SCV  
  49  5:40  Marine x5  
  54  5:55  Supply Depot  
  54  5:56  Supply Depot  
  54  5:59  Supply Depot  
Tags
 
Add a new tag
Caveats
  • Supply blocks, unpowered buildings, or Contaminate may cause inaccurate times.
  • Supply counts are checked every 10 seconds.